[Event "Early-Titled-Tuesday-Blitz-January-16-2024"]
[Site "Chess.com"]
[Date "2024.01.16"]
[Round "6"]
[White "ContrVersia"]
[Black "wonderfultime"]
[Result "0-1"]
[WhiteElo "2830"]
[BlackElo "2995"]
[TimeControl "180+1"]
[EndTime "9:12:11 PST"]
[Termination "wonderfultime won by resignation"]

1. d4 d5 2. c4 c6 3. cxd5 cxd5 4. Nc3 Nf6 5. Bf4 Nc6 6. e3 a6 7. Bd3 Bg4 8. Nge2 e6 9. f3 Bh5 10. g4 Bg6 11. h4 Be7 12. h5 Bxd3 13. Qxd3 h6 14.
Kf2 Nh7 15. Rac1 O-O 16. Kg2 Rc8 17. Bg3 Bd6 18. Bxd6 Qxd6 19. Na4 f5 20. gxf5 Rxf5 21. Nc5 Rf7 22. f4 Rcf8 23. Qg6 Nf6 24. Rhg1 b6 25. Nd3 Ne7 26. Qg3 Nf5 27. Qh3 Ng4 28. Ne5 Nxe5 29. fxe5 Qb4 30. Rc2 Qb5 31. Rd1 Rc7 32.
Nc3 Qe8 33. Rf2 Rcf7 34. Rdf1 Qe7 35. Kh2 Qg5 36. Nd1 Nxe3 37. Rxf7 Ng4+ 38. Qxg4 Qxg4 39. Rxf8+ Kh7 40. R8f4 Qxh5+ 41. Kg3 Qg6+ 42. Kh2 Qd3 43. Nc3 h5 44. R1f3 Qd2+ 45. Rf2 Qe3 46. Ne2 Kg8 47. Ng3 h4 48. Nf1 Qd3 49. R2f3 Qe2+ 50. Rf2 Qh5 51. Ne3 Qg5 52. R4f3 Qg6 53. Rf4 Qg3+ 54. Kh1 Qxe3 55.
R2f3 Qe2 56. Rf2 Qd1+ 57. Kh2 g5 58. Rf6 Kg7 59. Rf7+ Kg6 60. R7f6+ Kh5 61. Rxe6 Qxd4 62. Ref6 Qxe5+ 63. Kg2 Qe4+ 64. Kh2 Kg4 65. b3 Qe5+ 66.
Kg2 h3+ 67. Kg1 Qe1+ 68. Kh2 Qe5+ 69. Kg1 d4 70. R6f3 Qe1+ 71. Kh2 Qe5+ 72. Kg1 Kh4 73. Rd2 Qe1+ 0-1

[Event "Early-Titled-Tuesday-Blitz-January-16-2024"]
[Site "Chess.com"]
[Date "2024.01.16"]
[Round "6"]
[White "ScofieldMichael01"]
[Black "carokannlover213"]
[Result "0-1"]
[WhiteElo "2595"]
[BlackElo "2777"]
[TimeControl "180+1"]
[EndTime "9:12:13 PST"]
[Termination "carokannlover213 won by resignation"]

1. e4 c5 2. Nf3 d6 3. d4 cxd4 4. Nxd4 Nf6 5. Nc3 Nc6 6. Bg5 e6 7. Qd3 Be7 8. Nxc6 bxc6 9. O-O-O Qa5 10. Bd2 Qb6 11. Be3 Qa5 12. Bd2 Qb6 13. Qg3 Rb8 14. b3 Qc5 15. Bd3 e5 16. Kb1 Be6 17.
h4 a5 18. h5 Qa3 19. Bc1 Qb4 20. Bb2 Rg8 21. Ka1 Nd7 22. h6 g6 23. Na4 Qb7 24. c4 Nb6 25. Nxb6 Qxb6 26. c5 Qxc5 27. Rc1 Qb6 28.
Bc4 a4 29. Bxe6 fxe6 30. Rc3 Rf8 31. f3 Qa6 32. b4 Rxb4 33. Ba3 Rc4 34. Qe1 Kd7 35.
Qe2 d5 36. Bxe7 Kxe7 37. exd5 cxd5 38. Qxe5 Qd6 39. Qg7+ Rf7 40. Rxc4 dxc4 41. Qc3 Rf5 42. Qg7+ Ke8 43. Qc3 Qe5 44. Rc1 Qxc3+ 45. Rxc3 Rf4 46. Ra3 Rh4 47. Rxa4 Rxh6 48. Rxc4 Rh2 49. Rg4 Kf7 50. Kb2 h5 51. Rg3 h4 52. Rh3 Rxg2+ 53. Kb3 g5 54. Rh1 Rg3 55. a4 Rxf3+ 56. Kb4 Kg6 57. a5 Rf8 58. a6 Kh5 59. a7 Ra8 60. Ra1 h3 61.
Kc4 g4 62. Kd3 Kh4 63. Ke4 h2 64. Kf4 g3 65. Kf3 Kh3 66. Ra5 Rf8+ 67. Ke3 h1=Q 68. Rh5+ Kg2 69. Rxh1 Kxh1 70. Ke4 Ra8 71. Ke5 Rxa7 72.
Kxe6 g2 73. Kf5 g1=Q 74. Kf4 Qb6 75. Kf5 Rc7 76. Ke5 Rc5+ 77. Ke4 Qb4+ 78. Kd3 Kg2 79. Ke2 Kg3 80. Kd3 Kg4 81. Ke2 Kg5 82. Kd3 Kg6 83. Ke3 Kg7 84. Kd3 Kg8 85. Ke3 Kh8 86. Kd3 Rc3+ 87. Kd2 Qb2+ 88. Kd1 0-1

[Event "Early-Titled-Tuesday-Blitz-January-16-2024"]
[Site "Chess.com"]
[Date "2024.01.16"]
[Round "6"]
[White "RodokininEV"]
[Black "ilqar_74"]
[Result "0-1"]
[WhiteElo "2614"]
[BlackElo "2813"]
[TimeControl "180+1"]
[EndTime "9:12:15 PST"]
[Termination "ilqar_74 won on time"]

1. c4 Nf6 2. Nc3 d5 3. cxd5 Nxd5 4. g3 e6 5. Bg2 Be7 6. Nh3 O-O 7. O-O c5 8. d3 Nc6 9. Nf4 Nxc3 10. bxc3 Bf6 11.
Qb3 Qc7 12. Nh5 Be5 13. Bf4 Bxf4 14. Nxf4 b6 15. Qa4 Bb7 16. h4 Rad8 17. Rab1 g6 18. h5 Kg7 19. Qe4 Rd7 20. Qe3 Qe5 21. h6+ Kxh6 22.
Nxe6+ Qxe3 23. fxe3 Re8 24. Nxc5 bxc5 25. Rxb7 Rxb7 26.
Bxc6 Ree7 27. Bxb7 Rxb7 28. Kf2 Rb2 29. a4 Ra2 30.
Rh1+ Kg7 31. Rh4 a5 32. Rc4 Kf6 33. Kf3 h5 34. d4 cxd4 35. cxd4 g5 36. Ke4 Rxe2 37.
Rc6+ Kg7 38. Rc5 Kg6 39. Rxa5 Rg2 40. Ra6+ f6 41. d5 Rxg3 42. d6 Rg1 43. Kd5 Rd1+ 44. Ke6 h4 45. d7 Rxd7 46. Kxd7 h3 47. Rb6 g4 48. a5 g3 49. a6 h2 50. Rb1 g2 51. a7 g1=Q 52. Rxg1+ hxg1=Q 53. a8=Q Qg4+ 54. Ke7 Qb4+ 55. Ke6 Qb3+ 56. Kd6 Qd3+ 57. Qd5 Qxe3 58. Qg8+ Kf5 59. Qh7+ Kg5 60. Qg7+ Kf5 61. Qh7+ Kg4 62.
Qg7+ Qg5 63. Qd7+ f5 64. Ke5 Qe3+ 65. Kf6 Qh6+ 66. Ke5 Qh8+ 67. Ke6 f4 68. Qd1+ f3 69. Qg1+ Kf4 70. Qc1+ Ke4 71. Qe1+ Kd3 72. Qf1+ Ke3 73.
Qe1+ Kf4 74. Qd2+ Kg3 75. Qg5+ Kh2 76. Qf4+ Kg2 77. Qg4+ Kf2 0-1

[Event "Early-Titled-Tuesday-Blitz-January-16-2024"]
[Site "Chess.com"]
[Date "2024.01.16"]
[Round "6"]
[White "GrotBchess"]
[Black "lasRojas"]
[Result "1-0"]
[WhiteElo "2301"]
[BlackElo "2275"]
[TimeControl "180+1"]
[EndTime "9:12:15 PST"]
[Termination "GrotBchess won by resignation"]

1. e4 c5 2. Nf3 e6 3. d4 cxd4 4.
Nxd4 Nf6 5. Nc3 Nc6 6. Ndb5 Bc5 7. Bf4 O-O 8. Bc7 Qe7 9. Bd6 Bxd6 10. Qxd6 Qd8 11.
O-O-O a6 12. Nd4 Ne7 13. f3 b5 14. g4 Ne8 15. Qg3 Bb7 16. h4 b4 17. Nce2 Qa5 18.
Kb1 Qc7 19. Qe1 a5 20. Nc1 Rc8 21. Qd2 d5 22. Bg2 Nd6 23. e5 Nc4 24. Qe1 Qxe5 25. Qxe5 Nxe5 26. Rhe1 N5c6 27. Ncb3 Nxd4 28. Nxd4 Rfd8 29.
f4 Nc6 30. Nb3 Ba8 31. f5 Re8 32. Nc5 Nd8 33. Nd7 Bb7 34. Bxd5 Bxd5 35. Rxd5 Nc6 36.
Rdd1 exf5 37. gxf5 Rxe1 38. Rxe1 Rd8 39. Nc5 Kf8 40.
Nd3 Re8 41. Rf1 Rd8 42. Kc1 Rd5 43. b3 Ne7 44. f6 Nc6 45. fxg7+ Kxg7 46. Rg1+ Kf8 47.
Nf4 Rd6 48. Rg5 Rd4 49. Nd3 Rxh4 50. Rc5 Rh6 51. Kb2 Rd6 52. a3 bxa3+ 53. Kxa3 h6 54. Ka4 Kg7 55. Kb5 Nd4+ 56. Kxa5 Kg6 57. b4 h5 58. b5 h4 59. b6 Nc6+ 60. Kb5 Nd8 61. Ka6 h3 62. Nf4+ Kf6 63. Nxh3 Ke7 64. Ka7 Rd7+ 65.
Ka8 Ke8 66. Rc7 Rd5 67. b7 Ra5+ 68. Kb8 Rb5 69. Nf4 f5 70. c4 Rb4 71. c5 Rxf4 72.
c6 Rb4 73. Kc8 Nxc6 74. Rxc6 Ke7 75. b8=Q Rxb8+ 76. Kxb8 f4 77. Rc4 f3 78. Rf4 Ke6 79.
Rxf3 1-0

[Event "Early-Titled-Tuesday-Blitz-January-16-2024"]
[Site "Chess.com"]
[Date "2024.01.16"]
[Round "6"]
[White "wild3000"]
[Black "TitarovVasiliYouTube"]
[Result "0-1"]
[WhiteElo "2388"]
[BlackElo "2537"]
[TimeControl "180+1"]
[EndTime "9:12:17 PST"]
[Termination "TitarovVasiliYouTube won by resignation"]

1. e4 c5 2. Nf3 Nf6 3. Nc3 d5 4.
exd5 Nxd5 5. Bb5+ Bd7 6. Bxd7+ Qxd7 7. O-O Nc6 8. Nxd5 Qxd5 9. d3 e5 10. Re1 Be7 11. Nd2 O-O 12. a4 b6 13. Nc4 Rad8 14. Bd2 Rfe8 15. Bc3 f6 16. Qg4 Bf8 17. h4 Nd4 18.
Rac1 Qc6 19. b3 a6 20. h5 b5 21. axb5 axb5 22. Ne3 Qd7 23. Qxd7 Rxd7 24. Ra1 Rc8 25. Ra5 Rb7 26. Kf1 g6 27. Ra6 Kf7 28. hxg6+ hxg6 29. Nd5 Bg7 30. Rc1 Rd8 31. Bxd4 cxd4 32.
Nb4 Rc8 33. Rca1 Bf8 34. Ra7 Rcc7 35. Rxb7 Rxb7 36. Nc6 Rc7 37. Ra7 Rxa7 38. Nxa7 b4 39. Nc6 Ke6 40. Ke2 Kd5 41. Na5 Kc5 42. Nc4 Be7 43. g4 Kd5 44. f3 f5 45. gxf5 gxf5 46.
Nd2 Bg5 47. Nf1 Bf4 48. Kf2 Ke6 49. Kg2 Kf6 50. Kf2 Kg5 51. Kg2 Kh4 52. Nh2 Bg5 53. Nf1 Be3 54. Ng3 Kg5 55. Kh3 Bf4 56. Ne2 Bd2 57.
Ng3 Kf4 58. Kg2 Be1 59. Nh5+ Ke3 60. Ng7 Kd2 61. Nxf5 Kxc2 62. Kf1 Bd2 63. Ke2 Bf4 64. Ne7 Kxb3 65. Nd5 Ka3 66. Nb6 b3 67. Nc4+ Ka2 68.
Kd1 b2 69. Nxb2 Kxb2 70. Ke2 Kc3 0-1

[Event "Early-Titled-Tuesday-Blitz-January-16-2024"]
[Site "Chess.com"]
[Date "2024.01.16"]
[Round "6"]
[White "Tejas_Rama"]
[Black "vasblesk"]
[Result "1-0"]
[WhiteElo "2593"]
[BlackElo "2771"]
[TimeControl "180+1"]
[EndTime "9:12:18 PST"]
[Termination "Tejas_Rama won by resignation"]

1. d4 d5 2. c4 c6 3. Nc3 Nf6 4. e3 e6 5. Nf3 Nbd7 6. Be2 Bd6 7. O-O O-O 8. b3 b6 9. Bb2 Bb7 10. Bd3 c5 11. cxd5 exd5 12. Rc1 a6 13. Re1 Re8 14. Ne2 Rc8 15. Ng3 Bb8 16. Qe2 b5 17. dxc5 Nxc5 18. Bb1 Ne6 19. Rxc8 Bxc8 20. Rd1 Bb7 21.
Bc3 Nc5 22. Qb2 Ncd7 23. Nf5 a5 24. a3 Nc5 25. Nh6+ Kf8 26. Bxf6 Qxf6 27. Qxf6 gxf6 28. Nd4 b4 29. axb4 axb4 30. Ng4 Kg7 31. Nf5+ Kf8 32. Nxf6 Rd8 33. Nxh7+ Kg8 34. Nf6+ Kh8 35. Rd4 Ne4 36.
Bxe4 Be5 37. Bd3 Bxf6 38. Rxb4 Bc8 39. Nd4 Be6 40. Kf1 Kg7 41. Ke2 Be5 42. g3 Bg4+ 43.
f3 Be6 44. Bf5 Bxd4 45. Bxe6 Bc5 46. Rb7 Kf6 47. Bxf7 Be7 48. Bh5 Rh8 49. g4 Ke6 50.
Rb6+ Bd6 51. h4 Kd7 52. g5 Kc7 53. Rxd6 Kxd6 54. Bg4 Rxh4 55. g6 Rh6 56. Bf5 Ke7 57.
Kd3 Kf6 58. e4 dxe4+ 59. fxe4 Rh2 60. Kc4 Rc2+ 61. Kb5 Rb2 62. b4 Rb1 63. Ka5 Ra1+ 64. Kb6 Rb1 65. b5 Ke7 66. Kc6 Rc1+ 67. Kb7 Kd8 68. b6 Rc2 69. e5 Rc1 70. e6 Rc3 71.
Be4 Ke7 72. Bd5 Rg3 73. Kc7 Rc3+ 74. Kb8 Rg3 75. b7 Rxg6 76. Kc7 Rg3 77. b8=Q Rc3+ 78. Bc6 1-0

[Event "Early-Titled-Tuesday-Blitz-January-16-2024"]
[Site "Chess.com"]
[Date "2024.01.16"]
[Round "6"]
[White "Sanan_Sjugirov"]
[Black "krzyzan94"]
[Result "1-0"]
[WhiteElo "2967"]
[BlackElo "2806"]
[TimeControl "180+1"]
[EndTime "9:12:19 PST"]
[Termination "Sanan_Sjugirov won by resignation"]

1. e4 e5 2. Nf3 Nc6 3. Bb5 a6 4. Ba4 Nf6 5. O-O Be7 6. Re1 b5 7. Bb3 O-O 8. a4 b4 9. d4 d6 10.
dxe5 Nxe5 11. Nbd2 Qe8 12. Nxe5 dxe5 13. Nf3 Bc5 14.
h3 Be6 15. Qe2 Nd7 16. Bc4 Bxc4 17. Qxc4 Qe6 18. Qxe6 fxe6 19. b3 a5 20. Bb2 Bd6 21.
Rad1 Ra6 22. Re2 Rc6 23. Ne1 Nc5 24. g3 Kf7 25. Kg2 Ke7 26. Nf3 Nd7 27. h4 Rb6 28. h5 Rc6 29. Rh1 Rc5 30. Ne1 Rc6 31. Nd3 h6 32. Rd1 Rb6 33. Ne1 Nf6 34. Nf3 Nxh5 35. Bxe5 Nf6 36. Bd4 c5 37. Bxf6+ gxf6 38. Rh1 c4 39.
Rxh6 Rf7 40. e5 fxe5 41. Nxe5 Bxe5 42. Rxe5 Rc6 43. Rxa5 cxb3 44. cxb3 Rc2 45. Ra7+ Kf8 46. Rh8+ Kg7 47. Rh7+ Kxh7 48. Rxf7+ Kg6 49. Rf4 e5 50. Rxb4 Kf5 51. a5 e4 52. Rb5+ Kf6 53. Kf1 Ra2 54. b4 Ra1+ 55. Ke2 Ra3 56. Rc5 Ke6 57. a6 Rxa6 58.
Ke3 Ra2 59. b5 Rb2 60. Rh5 Kf6 61. b6 Kg6 62. Rd5 Kf6 63. b7 Rxb7 64. Kxe4 Rb2 65. f3 Rb3 66. g4 Kg6 67. Kf4 Rb4+ 68. Kg3 Rb1 69. Rd6+ Kg7 70. g5 Rg1+ 71. Kf4 Rc1 72. Kf5 Rc5+ 73. Kg4 Rc1 74. f4 Rc4 75. Rb6 Kf7 76. g6+ Kg7 77. Kg5 Rc1 78. Rb7+ Kg8 79. f5 Rc6 80. f6 Rc8 81. Kh6 Kh8 82. Rh7+ Kg8 83. f7+ Kf8 84. Rh8+ Ke7 85. Rxc8 1-0

[Event "Early-Titled-Tuesday-Blitz-January-16-2024"]
[Site "Chess.com"]
[Date "2024.01.16"]
[Round "6"]
[White "Kotlyar_K"]
[Black "Willi_Skibbe"]
[Result "0-1"]
[WhiteElo "2535"]
[BlackElo "2408"]
[TimeControl "180+1"]
[EndTime "9:12:23 PST"]
[Termination "Willi_Skibbe won by resignation"]

1. e4 e6 2. Nf3 d5 3. Nc3 Nf6 4.
e5 Nfd7 5. d3 c5 6. Bf4 Nc6 7.
Bg3 Be7 8. Ne2 g5 9. h3 h5 10. c3 Qb6 11. Qd2 Rg8 12. a3 g4 13. hxg4 hxg4 14. Nfg1 Ndxe5 15. Nc1 Bd7 16. b4 d4 17. cxd4 cxd4 18. Nb3 O-O-O 19. Ne2 Ng6 20. Rc1 e5 21.
Nc5 Kb8 22. Nxd7+ Rxd7 23. Rb1 f5 24. f3 f4 25. Bf2 g3 26. Bg1 Bd6 27. Nc1 Nce7 28.
Be2 Nd5 29. Na2 Rc8 30. Rh6 Bf8 31. Rh5 Rdc7 32. Bd1 Nc3 33. Nxc3 dxc3 34. Bxb6 cxd2+ 35. Kxd2 axb6 36. Rg5 Rc6 37. Bb3 Be7 38. Rf5 Rf8 39. Rh5 Rd6 40. Bc4 Bd8 41. Rbh1 Ne7 42. Rh8 Rdf6 43.
R8h5 Bc7 44. Rh7 Nf5 45. Rd7 Ne3 46. Rhh7 Nxc4+ 47. dxc4 Rc8 48. Kc3 Rd6 49. Rde7 Rd4 50. c5 bxc5 51. bxc5 Rd5 52. Kc4 Rd4+ 53. Kb5 Rd3 54.
Kb4 Rd2 55. Kb5 Rb2+ 56. Kc4 Rxg2 57. Kd5 Re2 58. c6 bxc6+ 59. Kxc6 Bd8+ 60. Kd5 Bxe7 61. Rxe7 Rd8+ 62. Kc4 Re3 63. Rg7 Rxf3 64. a4 Re3 65. a5 Re4+ 66. Kb5 Red4 67. a6 R4d7 68. Rg5 Re7 69.
Kb6 Rd6+ 70. Kb5 Ka7 71. Rg8 Rb6+ 72. Ka5 Rxa6+ 73. Kb5 Rb6+ 74. Kc5 Rc7+ 75. Kd5 Rb5+ 76. Ke4 Rcb7 77. Kf3 Kb6 78. Kg2 Ka5 79. Kh3 Rb2 80.
Kg4 g2 81. Kf5 Rb8 82. Ke4 Rxg8 83. Kxe5 Re2+ 0-1

[Event "Early-Titled-Tuesday-Blitz-January-16-2024"]
[Site "Chess.com"]
[Date "2024.01.16"]
[Round "6"]
[White "jefferyx"]
[Black "PLAYER_2006_M"]
[Result "0-1"]
[WhiteElo "3020"]
[BlackElo "2898"]
[TimeControl "180+1"]
[EndTime "9:12:24 PST"]
[Termination "PLAYER_2006_M won by resignation"]

1. d4 Nf6 2. Nf3 g6 3. Nbd2 d5 4. b3 Bg7 5. Bb2 O-O 6. e3 Bf5 7. Be2 c6 8. O-O a5 9. a3 Ne4 10. Nxe4 Bxe4 11. Nd2 Bf5 12. c4 Nd7 13. b4 axb4 14.
axb4 Rxa1 15. Qxa1 dxc4 16. Nxc4 Be6 17. Qa7 Bxc4 18.
Bxc4 Qb6 19. Qa4 Qc7 20. Rc1 Nb6 21. Qa5 Ra8 22. Qg5 Bf6 23. Qg4 Nxc4 24. Rxc4 Ra2 25. Bc1 Qb6 26. Qd1 e6 27. Qb3 Qa6 28. g3 Qa4 29. Qxa4 Rxa4 30. Bd2 Be7 31. Kf1 f5 32.
Ke2 Kf7 33. Kd3 Bd6 34. Kc2 Ra2+ 35. Kd1 e5 36. dxe5 Bxe5 37. Rc2 Ra1+ 38. Rc1 Ra2 39. Rc2 Rxc2 40. Kxc2 g5 41. Kd3 g4 42. e4 Ke6 43. Ke3 Bd6 44. f4 b5 45. Kd4 h5 46.
Be1 Be7 47. Bd2 Bf8 48. Be1 Bg7+ 49. Kd3 Bb2 50. Bd2 Bf6 51. Be1 Bd8 52. Bc3 Bb6 53.
Bd4 Bd8 54. Bc5 h4 55. Bf2 h3 56. Bc5 Bc7 57. Ke3 Bd8 58. Kd3 Bf6 59. Bd4 Be7 60. Bc3 c5 61. bxc5 Bxc5 62. exf5+ Kxf5 63. Bd4 Bd6 64. Be3 Bb4 65. Bf2 Ba5 66. Bg1 Be1 67.
Kd4 b4 68. Kc4 Ke4 69. Kb3 Bc3 70. Kc4 Kf3 71. f5 Ke4 72. f6 Bxf6 0-1

[Event "Early-Titled-Tuesday-Blitz-January-16-2024"]
[Site "Chess.com"]
[Date "2024.01.16"]
[Round "6"]
[White "mbchess97"]
[Black "chess_blitz00"]
[Result "1-0"]
[WhiteElo "2347"]
[BlackElo "2464"]
[TimeControl "180+1"]
[EndTime "9:12:27 PST"]
[Termination "mbchess97 won on time"]

1. c4 Nf6 2. g3 e6 3. Bg2 c5 4.
Nf3 Nc6 5. O-O Be7 6. Nc3 O-O 7. d4 cxd4 8. Nxd4 Qb6 9. Nb3 d6 10.
Be3 Qd8 11. Nd4 Nxd4 12. Bxd4 a6 13. Qd2 Bd7 14. Bxf6 Bxf6 15. Qxd6 Rc8 16. Ne4 Bxb2 17. Rab1 Bf6 18. Nxf6+ gxf6 19. Rxb7 Bc6 20. Qxd8 Rfxd8 21. Rb6 Bxg2 22. Kxg2 Rd2 23. Rxa6 Rxc4 24. e3 Rcc2 25. a4 Ra2 26. a5 Kg7 27. Kf3 Rdb2 28. g4 Kg6 29.
Ra8 f5 30. h3 Kf6 31. a6 Rb4 32. Rc1 Rbb2 33. Rf1 Ra5 34. Rh8 Kg7 35. Ra8 Rba2 36. a7 fxg4+ 37. hxg4 Rxa7 38. Rxa7 Rxa7 39. Rb1 Ra4 40. Rb3 Kg6 41. Kg3 Kf6 42. f4 Ra1 43.
Kf3 Rg1 44. g5+ Kg6 45. Ke4 Ra1 46. Rb8 Ra4+ 47. Kf3 Kg7 48. Rb7 Ra8 49. Kg4 Kg6 50.
Rb6 Kg7 51. Kf3 Ra7 52. Ke4 Ra4+ 53. Kf3 Ra7 54. Ke4 Kg6 55. Rc6 Rb7 56. Kf3 Rd7 57. Rb6 Re7 58. Rc6 f6 59. gxf6 Kxf6 60. Ke4 Rg7 61.
Rb6 h5 62. Rb5 Rh7 63. Rb6 h4 64. f5 h3 65. Rxe6+ Kf7 66. Ra6 h2 67. Ra7+ Kg8 68.
Ra8+ Kg7 69. Ra7+ Kh6 70. Ra1 Kg5 71. Rh1 Rh4+ 72. Ke5 Rh3 73. e4 Kh6 74. f6 Kg6 75. Ke6 Rh5 76. e5 Rh7 77. f7 Rxf7 78. Rxh2 Rf2 79. Rxf2 1-0

[Event "Early-Titled-Tuesday-Blitz-January-16-2024"]
[Site "Chess.com"]
[Date "2024.01.16"]
[Round "6"]
[White "Real_taiatai"]
[Black "RobertoJBM"]
[Result "0-1"]
[WhiteElo "2507"]
[BlackElo "2791"]
[TimeControl "180+1"]
[EndTime "9:13:03 PST"]
[Termination "RobertoJBM won by resignation"]

1. e4 c6 2. d4 d5 3. e5 Bf5 4. Nf3 e6 5. Be2 Nd7 6. O-O Bg6 7. c4 dxc4 8. Bxc4 Nb6 9. Be2 Ne7 10. Nc3 Nf5 11.
Bg5 Qd7 12. a4 a5 13. Qb3 Bb4 14. Rad1 O-O 15. Ne4 Nd5 16. Bd3 h6 17. Bd2 Bxd2 18. Rxd2 Nb4 19. Be2 Rfd8 20. g4 Ne7 21. Nd6 Nc8 22.
Nc4 b6 23. Nh4 Be4 24. f3 Bd5 25. Qe3 b5 26. Na3 bxa4 27. Bd1 Rb8 28. f4 Bb3 29. f5 c5 30. f6 cxd4 31. Qe4 Qd5 32. Qf4 g5 33.
Qg3 Bxd1 34. Rfxd1 gxh4 35. Qf4 Qc5 36. Qxh6 Qf8 37.
Qxh4 d3 38. g5 Qc5+ 39. Kh1 Rd4 40. Qh5 Qd5+ 41. Rg2 Qe4 42. g6 fxg6 43. f7+ Kxf7 44. Rf1+ Ke8 45. Qh7 Ne7 46. Qh8+ Kd7 47. Qxb8 d2 48.
Qa7+ Ke8 49. Qb8+ Rd8 50. Qb5+ Nbc6 51. Rd1 Qf3 52. Qe2 Qxe2 53. Rxe2 Nf5 54. Rdxd2 Rxd2 55. Rxd2 Nxe5 56. Rc2 Nd3 57. Rc4 Nxb2 58. Rc5 Nd3 59. Rxa5 Ke7 60. Kg2 Nf4+ 61. Kf3 Nd5 62. Rxa4 Kf6 63.
Ra7 Nd4+ 64. Ke4 Nc6 65. Ra8 Nce7 66. Nb5 Nf5 67. Nd4 Nxd4 68. Kxd4 Ne7 69. Rf8+ Kg7 70. Rf1 Nf5+ 71. Ke5 Ne3 72. Rf3 Ng4+ 73. Kxe6 Nxh2 74.
Rg3 Nf1 75. Rc3 Nh2 76. Rc7+ Kh6 77. Rc8 Ng4 78. Kf7 Ne5+ 79. Kf6 Ng4+ 80. Ke6 Kg5 81. Rc5+ Kf4 82. Kf7 Ne5+ 83. Kg7 g5 84. Kf6 Nd7+ 85. Kg6 Nxc5 86. Kh5 g4 87. Kh4 Kf3 88. Kg5 Ne4+ 89. Kf5 g3 0-1

[Event "Early-Titled-Tuesday-Blitz-January-16-2024"]
[Site "Chess.com"]
[Date "2024.01.16"]
[Round "6"]
[White "ninguno46"]
[Black "falzehope0"]
[Result "1-0"]
[WhiteElo "2535"]
[BlackElo "2378"]
[TimeControl "180+1"]
[EndTime "9:13:04 PST"]
[Termination "ninguno46 won by resignation"]

1. d4 d6 2. e4 Nf6 3. f3 Nbd7 4. c4 c6 5. Ne2 e5 6. Nbc3 Be7 7. d5 c5 8. g3 O-O 9. Bg2 Ne8 10. O-O g6 11.
Bh6 Ng7 12. Qd2 f5 13. f4 Bf6 14. exf5 gxf5 15. Rae1 e4 16. g4 Bh4 17. Ng3 Nf6 18.
Bxg7 Kxg7 19. gxf5 Kh8 20. Ncxe4 Nxe4 21. Nxe4 Bxf5 22.
Qc3+ Kg8 23. Re3 Bxe4 24. Bxe4 Bf6 25. Rg3+ Kh8 26. Qd3 Qe7 27. Rh3 Rf7 28. Kh1 Re8 29. Bf5 Bxb2 30. Be6 Rg7 31. Rg3 Bd4 32. Rff3 Rf8 33.
Kg2 Qf6 34. a4 b6 35. Qe4 Qh6 36. Rxg7 Qxg7+ 37. Rg3 Qf6 38. Qf3 Re8 39. Qg4 h6 40.
Qh5 Re7 41. h4 Rg7 42. Qe8+ Kh7 43. Bg8+ Kh8 44. Be6+ Kh7 45. Rxg7+ Qxg7+ 46. Kf3 Bb2 47. h5 Qc3+ 48. Kg4 Kg7 49. Qg6+ Kf8 50. Qxh6+ Qg7+ 51. Qg6 Qxg6+ 52. hxg6 Kg7 53. f5 Kf6 54. Kh5 Bc1 55. Kg4 Bd2 56. Kf3 Bc1 57. Ke2 Bg5 58. Kd3 Bh4 59. Kc3 Be1+ 60. Kb3 Bd2 61. Kc2 Ba5 62. Kd3 Be1 63. Ke4 Bd2 64. Kf3 Bc1 65. Ke2 Bg5 66.
a5 bxa5 67. Kd3 a4 68. Kc2 Bh4 69. Kb2 Be1 70. Ka3 a5 71. Kxa4 Bd2 72. Kb5 Be1 73. Bd7 Bd2 74. Kc6 Bf4 75. Kb6 Bd2 76. Be6 Bc3 77. Bd7 Kg7 78. Kb5 Bb4 79. Ka6 Bc3 80. Kb7 Bb4 81. Kc8 Bc3 82. Kd8 Kf6 83. Ke8 Kg7 84.
Ke7 Be5 85. f6+ Bxf6+ 86. Kxd6 Bd4 87. Be8 Kf6 88. Kc7 Ke7 89. d6+ Kxe8 90. d7+ Kf8 91. d8=Q+ Kg7 92. Kc6 Kxg6 93. Qxa5 Kf5 94. Qe1 Kf6 95.
Kd5 Kf5 96. Qf1+ Kg6 97. Ke6 Kg5 98. Qf5+ Kh4 99. Qe4+ Kg3 100. Kd5 Kf2 101. Qxd4+ cxd4 102. Kxd4 Kf3 103. c5 Kf4 104. c6 Kf5 105. c7 Kf6 106.
c8=Q Ke7 107. Qg4 Kd6 108. Qg6+ Ke7 109. Kd5 Kf8 110. Qh7 Ke8 111. Ke6 1-0

[Event "Early-Titled-Tuesday-Blitz-January-16-2024"]
[Site "Chess.com"]
[Date "2024.01.16"]
[Round "6"]
[White "bubeliang"]
[Black "crazy_but_lazy"]
[Result "1/2-1/2"]
[WhiteElo "2764"]
[BlackElo "2596"]
[TimeControl "180+1"]
[EndTime "9:13:15 PST"]
[Termination "Game drawn by agreement"]

1. b3 d5 2. Bb2 Bg4 3. g3 c6 4. Bg2 Nd7 5. f4 e6 6. Nf3 Ngf6 7. O-O Be7 8. Qe1 O-O 9. d3 Qb6+ 10. Kh1 Bb4 11.
Nbd2 Qe3 12. c3 Bd6 13. Qf2 Qxf2 14. Rxf2 e5 15. fxe5 Nxe5 16. Nxe5 Bxe5 17. d4 Bd6 18. e4 dxe4 19. Rxf6 gxf6 20. Nxe4 Be7 21. Rf1 Bh5 22. Rxf6 Bg6 23. Rf4 Rfe8 24. c4 f5 25. Nc3 Bg5 26. Rf1 Bf6 27. d5 cxd5 28. Bxd5+ Kg7 29. Bxb7 Rad8 30.
Bd5 Re3 31. Nd1 Re2 32. Bxf6+ Kxf6 33. Nc3 Rc2 34. Ne4+ Kg7 35. Nc5 Re8 36. Ne6+ Kf6 37. Nf4 Rxa2 38. c5 Rc2 39. Bc4 Bf7 40. Bxf7 Kxf7 41. b4 Re3 42. Ra1 Rb3 43. Rxa7+ Kf6 44. Ra6+ Ke5 45. Re6+ Kd4 46. Ne2+ Kd5 47. Re8 Rb1+ 48. Kg2 Re1 49. Kf2 Rh1 50. Kf3 Rxh2 51.
Nf4+ Kc4 52. g4 fxg4+ 53. Kxg4 Kxb4 54. Nd3+ Kc3 55. Nf4 Kb2 56. Rb8+ Kc1 57. Nd3+ Kd1 58. Ne5 Rxc5 59. Nf3 Rc4+ 60. Kg3 Rhc2 61. Re8 Re2 62. Ra8 Kc1 63. Ra1+ Kb2 64. Ra7 h5 65. Ra5 h4+ 66. Nxh4 Re3+ 67. Nf3 Rcc3 68. Rf5 Red3 69. Kg2 Rd8 70. Rb5+ Ka3 71. Rf5 Rg8+ 72. Kf2 Rb8 73. Kg3 Rh8 74. Kg4 Rc4+ 75. Kg3 Rg8+ 76. Kf2 Rc2+ 77.
Ke3 Re8+ 78. Kf4 Rce2 79. Kg3 Rg8+ 80. Kf4 Kb4 81. Rf7 Rge8 82. Rb7+ Kc5 83. Rc7+ Kd6 84.
Rh7 R8e4+ 85. Kg3 Re8 86. Rh6+ Kd5 87. Rh5+ Kc4 88. Rh4+ Kd3 89. Ra4 Kc2 90. Nd4+ Kd3 91. Nxe2 Kxe2 92. Ra1 Re3+ 93. Kf4 Rf3+ 94. Kg4 Re3 95.
Kg5 Rf3 96. Kh5 Re3 97. Kg4 Rd3 98. Ra2+ Ke3 99. Ra8 Rd4+ 100. Kg3 Rd7 101. Re8+ Kd4 102. Kf4 Rf7+ 103. Kg5 1/2-1/2

[Event "Early-Titled-Tuesday-Blitz-January-16-2024"]
[Site "Chess.com"]
[Date "2024.01.16"]
[Round "6"]
[White "vladislavkovalev"]
[Black "albi1999"]
[Result "1-0"]
[WhiteElo "2873"]
[BlackElo "2618"]
[TimeControl "180+1"]
[EndTime "9:13:48 PST"]
[Termination "vladislavkovalev won by resignation"]

1. e4 c5 2. Nf3 a6 3. c4 Nc6 4.
Nc3 e5 5. d3 d6 6. Be2 g6 7.
O-O Bg7 8. a3 Nge7 9. b4 cxb4 10. axb4 Nxb4 11. Ba3 Nbc6 12. Nd5 O-O 13. h3 Rb8 14.
Qd2 b5 15. Rfc1 bxc4 16. dxc4 Nxd5 17. Qxd5 Nb4 18. Qd2 a5 19. c5 dxc5 20. Qxd8 Rxd8 21. Rxc5 Bb7 22. Nxe5 Bxe4 23. Rxa5 Nc2 24. Ra2 Rb1+ 25. Kh2 Nxa3 26. R2xa3 Rb2 27. Re3 Bd5 28. Nd3 Rd2 29. Nf4 Bc6 30. Bf3 Bxf3 31. Rxf3 Bf8 32.
g3 Bd6 33. Ng2 Kg7 34. Ne3 Rd3 35. Kg2 h5 36. h4 Be7 37. Nc4 Rxf3 38. Kxf3 Bf6 39.
Ne3 Rd3 40. Rd5 Rxd5 41. Nxd5 Bd4 42. Nb4 f5 43. Nc2 Bc5 44. Kg2 Kf6 45. Ne1 Ke6 46. Nd3 Bd6 47. Kf3 Kf6 48. Nf4 Bb8 49. Nd5+ Kf7 50.
Nb4 Ba7 51. Nc6 Bc5 52. Ne5+ Kg7 53. Nd3 Bd6 54. Ke3 Kf6 55. Kd4 Ke6 56. Nf4+ Kf7 57. Kd5 Bb8 58. Nh3 Ba7 59. Ke5 Bb8+ 60. Kd5 Ba7 61.
Kc4 Bb6 62. Kd3 Kf6 63. Ke2 Bc5 64. Kf3 Bd6 65. Ke3 Bc5+ 66. Kd3 Bb6 67. Kd2 Ba7 68. Ke1 Bc5 69. Kf1 Bb6 70. Kg2 Ba7 71. Nf4 Bc5 72. Kf3 Bd6 73. Nd5+ Ke5 74. Nc3 Kf6 75. Nb5 Bc5 76.
Nc7 Kf7 77. Nd5 Ba7 78. Ke2 Ke6 79. Nf4+ Kf7 80. Kf3 Bb6 81. Nd3 Ba7 82. Kf4 Bb8+ 83. Kg5 Bd6 84. Kh6 Bf8+ 85. Kh7 Bd6 86. Nf4 Bc5 87.
Nd3 Bd4 88. f4 Kf6 89. Kh6 Bc3 90. Kh7 Bd4 91. Kg8 Bc3 92. Kh8 Bd4 93. Kh7 Bg1 94. Ne5 Bh2 95. Nxg6 Bxg3 96. Kh6 Be1 97. Kxh5 Bd2 98.
Kh6 Be3 99. h5 Bd2 100. Kh7 Kf7 101. Ne5+ Kf6 102. Nd3 Bc3 103. Kg8 Ke6 104. h6 Bf6 105. Kh7 Kd5 106. Kg6 Bh8 107. Kxf5 Kd6 108. Kg6 Ke7 109. Ne5 Ke6 110. Nf7 Bc3 111. f5+ Ke7 112. h7 Kf8 113. h8=Q+ Bxh8 114.
Nxh8 Ke7 115. Nf7 Kf8 116. Ng5 1-0